 Dungeon Crawl Stone Soup version 0.30-a0-772-g5528072125 (webtiles) character file.

Game seed: 11510862608016149088

307 holysushi the Cutter (level 6, -3/47 HPs)
             Began as a Demonspawn Fighter on Feb 12, 2023.
             Slain by Pikel
             ... wielding a +1 whip of freezing
              (10 damage)
             ... on level 3 of the Dungeon.
             The game lasted 00:02:18 (2782 turns).

holysushi the Cutter (Demonspawn Fighter)           Turns: 2782, Time: 00:02:19

Health: -3/47      AC:  6    Str: 17    XL:     6   Next: 16%
Magic:  6/6        EV:  8    Int:  9    God:
Gold:   190        SH:  4    Dex: 14    Spells: 5/5 levels left

rFire   . . .      SeeInvis .    a - +0 rapier
rCold   . . .      Faith    .    c - +0 buckler
rNeg    . . .      Spirit   .    b - +0 scale mail
rPois   .          Reflect  .    (helmet restricted)
rElec   .          Harm     .    (no cloak)
rCorr   .          Rampage  .    (no gloves)
Will    .....                    (no boots) Stlth
                                 o - amulet of the acrobat
HPRegen 0.27/turn                (no ring)
MPRegen 0.10/turn                (no ring)

@: no status effects
A: horns 1, spiny 2, demonic magic 1
a: no special abilities


You were on level 3 of the Dungeon.
You visited 1 branch of the dungeon, and saw 4 of its levels.

You collected 190 gold pieces.

Inventory:

Hand Weapons
 a - a +0 rapier (weapon)
Armour
 b - a +0 scale mail (worn)
 c - a +0 buckler (worn)
Jewellery
 o - an amulet of the acrobat (around neck)
Scrolls
 e - a scroll of summoning {unknown}
 f - a scroll of enchant weapon {unknown}
 g - 3 scrolls of enchant armour {unknown}
 h - 3 scrolls of identify {unknown}
 n - a scroll of amnesia {unknown}
 p - a scroll of poison {unknown}
Potions
 d - 2 potions of might
 i - 2 potions of heal wounds {unknown}
 j - a potion of curing
 k - a potion of berserk rage {unknown}
 l - a potion of brilliance {unknown}
 m - 3 potions of degeneration {unknown}


   Skills:
 - Level 3.0 Fighting
 + Level 6.0 Short Blades
 - Level 2.6 Armour
 - Level 2.6 Shields


You had 5 spell levels left.
You didn't know any spells.
Your spell library was empty.

Dungeon Overview and Level Annotations

Branches:
Dungeon (4/15) Zot: 21213
 Temple: D:4-7

Altars:

Annotations:
D:3 Pikel


Innate Abilities, Weirdness & Mutations

You have a pair of small horns on your head.
You are mostly covered in sharp spines.
Spells you cast may paralyse adjacent enemies.


Message History

You swing at nothing.
You start resting.
HP restored.
There is a stone staircase leading down here.
You climb downwards.
Level annotation: Pikel The lemure is struck by your spines.
The lemure hits you but does no damage. The goblin is struck by your spines.
You kill the goblin!
There is a stone staircase leading up here.
The orc is struck by your spines.
You kill the orc!
The lemure is struck by your spines. The lemure hits you.
Pikel hits you with a +1 whip of freezing.
Pikel freezes you.
You climb upwards.
There is a stone staircase leading down here.
Pikel zaps a wand.
You resist with some effort. The lemure misses you.
You swing at nothing.
You hit Pikel but do no damage.
Pikel hits you with a +1 whip of freezing!
Pikel freezes you.
You hit Pikel but do no damage. Pikel is struck by your spines.
Pikel closely misses you.
You barely miss Pikel.
Pikel is lightly wounded.
Pikel is struck by your spines.
Pikel hits you with a +1 whip of freezing!
Pikel freezes you.
You barely miss Pikel. Your headbutt misses Pikel.
Pikel is lightly wounded.
Pikel is struck by your spines.
Pikel hits you with a +1 whip of freezing.
* * * LOW HITPOINT WARNING * * *
Pikel freezes you.
* * * LOW HITPOINT WARNING * * *
You hit Pikel but do no damage. You headbutt Pikel.
Pikel is moderately wounded.
Pikel hits you with a +1 whip of freezing!
You die...

.........#............#####
....##...#####....#######
..####...#####....#.....#
..#.....##..)...........#
..+......'..)...........#########
..#.....##..................[....
###.........##+#####+###.###''##.
............##.##........##....##
.............>5K@.......##......#
.......#....#..##..<....#........
.##....+........+.......+...#...†
###....######.###.......+....#...
......................###........
......................####......#
.....(...................##....##
.....................###..##++##
##'##############....# ##.....#


You could see Pikel and a lemure.

Vanquished Creatures
  Sigmund (D:2)
  3 lemures (D:3)
  Terence (D:2)
  Robin (D:2)
  4 adders
  A worm (D:2)
  A dart slug (D:3)
  2 orcs
  6 ball pythons
  2 endoplasms
  A giant cockroach (D:3)
  13 goblins
  8 hobgoblins
  11 kobolds
  4 bats
  A frilled lizard (D:1)
  4 rats
64 creatures vanquished.

Notes
Turn   | Place    | Note
-------+----------+-------------------------------------------
     0 | D:1      | holysushi the Demonspawn Fighter began the quest for the
                  | Orb.
     0 | D:1      | Reached XP level 1. HP: 18/18 MP: 1/1
    96 | D:1      | Reached skill level 2 in Short Blades
   215 | D:1      | Gained mutation: You are partially covered in sharp spines.
                  | [demonic ancestry]
   215 | D:1      | Reached XP level 2. HP: 24/24 MP: 2/2
   810 | D:2      | Reached skill level 3 in Short Blades
   908 | D:2      | Gained mutation: You have a pair of small horns on your
                  | head. [demonic ancestry]
   908 | D:2      | Reached XP level 3. HP: 29/29 MP: 3/3
   911 | D:2      | Noticed Sigmund
   937 | D:2      | Killed Sigmund
   938 | D:2      | Reached skill level 5 in Short Blades
   938 | D:2      | Gained mutation: Spells you cast may paralyse adjacent
                  | enemies. [demonic ancestry]
   938 | D:2      | Reached XP level 4. HP: 12/35 MP: 4/4
   938 | D:2      | Gained mutation: You are mostly covered in sharp spines.
                  | [demonic ancestry]
   938 | D:2      | Reached XP level 5. HP: 14/41 MP: 5/5
  1044 | D:2      | Noticed Robin
  1071 | D:2      | Killed Robin
  1238 | D:2      | Noticed Terence
  1260 | D:2      | Killed Terence
  1481 | D:2      | Reached XP level 6. HP: 47/47 MP: 6/6
  1531 | D:2      | Found a faded altar of an unknown god.
  1982 | D:3      | Identified the +1 dagger of Awkwardness {spect, Contam
                  | +Blink Will+ Str-4 Dex+3}
  2189 | D:3      | Reached skill level 6 in Short Blades
  2631 | D:4      | Noticed Pikel
  2782 | D:3      | Slain by Pikel

Illustrated notes

Levels and vault maps discovered:
D:1:      lightli_arrival_chessboard, layout_basic, supply_closet_lemuel,
          minmay_shallow_snake_nest
D:2:      layout_loops_corners, serial_aquarium, aquarium_bridge_straight
          [aquarium_subvault_bridge, aquarium_subvault_window,
          aquarium_subvault_bridge, aquarium_subvault_balcony],
          aquarium_window_2, aquarium_window_fake, aquarium_view_2a,
          aquarium_view_2b, aquarium_balcony_5a, aquarium_pool_2,
          hellmonk_ecumenical_altar_slurped_away, uniq_terence, uniq_sigmund,
          uniq_robin
D:3:      layout_basic, kennysheep_generic_room_3
D:4:      layout_loops_ring, minmay_temple_entry_mini_moons, lightli_minifort,
          uniq_blork_the_orc, uniq_pikel, uniq_menkaure

Skill      XL: |  1  2  3  4  5  6 |
---------------+-------------------+-----
Short Blades   | 2 3 5 6 |  6.0
Fighting       | |  3.0
Armour         | |  2.6
Shields        | |  2.6

Action                     |  1- 3 |  4- 6 || total
---------------------------+-------+-------++-------
  Melee: Rapier            |    56 |   100 ||   156
         Headbutt          |     2 |    13 ||    15
    Use: Potion            |     2 |       ||     2
 Armour: Scale mail        |    21 |    21 ||    42
  Dodge: Dodged            |     9 |    39 ||    48
  Block: Buckler           |    10 |    25 ||    35

Table legend: (Time is in decaauts)
 A = Elapsed time spent in this place.
 B = Non-inter-level travel time spent in this place.
 C = Inter-level travel time spent in this place.
 D = Time resting spent in this place.
 E = Time spent auto-exploring this place.
 F = Levels seen in this place.
 G = Mean time per level.
                   A        B        C        D        E       F      G
               +--------+--------+--------+--------+--------+-----+--------+
         Total |   2785 |   2730 |     55 |    275 |   2000 |   4 |  696.2 |
       Dungeon |   2785 |   2730 |     55 |    275 |   2000 |   4 |  696.2 |
               +--------+--------+--------+--------+--------+-----+--------+

Top non-repeatable levels by time:
     D:2: 1219 daAuts
     D:3: 804 daAuts
     D:1: 756 daAuts
     D:4: 5 daAuts
